 Dungeon Crawl Stone Soup version 0.29.1-1-gd02db6906a (webtiles) character file.

Game seed: 18357466966404894344

3135 YamCider the Nimble (level 9, 0/44 HPs)
             Began as a Felid Transmuter on Sept 28, 2022.
             Was a Believer of Wu Jian.
             Slain by a two-headed ogre
             ... wielding a +0 giant club
              (19 damage)
             ... on level 9 of the Dungeon.
             The game lasted 01:15:22 (12688 turns).

YamCider the Nimble (Felid Transmuter)             Turns: 12688, Time: 01:15:23

Health: 0/44       AC:  2    Str: 10    XL:     9   Next: 61%
Magic:  0/13       EV: 27    Int: 16    God:    Wu Jian [**....]
Gold:   23         SH:  0    Dex: 22    Spells: 6/12 levels left
                                        Lives:  0   Deaths: 3

rFire   . . .      SeeInvis +     - Unarmed
rCold   . . .      Faith    .   (shield unavailable)
rNeg    . . .      Spirit   +   (body armour unavailable)
rPois   .          Reflect  .   (helmet unavailable)
rElec   .          Harm     .   (cloak unavailable)
rCorr   .          Rampage  .   (gloves unavailable)
Will    +....                   (boots unavailable)
Stlth   +++.......              n - amulet of guardian spirit
HPRegen 0.14/turn               d - +6 ring of dexterity
MPRegen 0.13/turn               c - ring of flight

@: appendages, wereblooded, flying, quick
A: horns 2, very small, claws 1, fangs 3, see invisible, speed 1, shaggy fur 2,
stealthy paws, no weapons or thrown items, no armour, multi-lived
a: End Transformation, Renounce Religion, Wall Jump


You were on level 9 of the Dungeon.
You worshipped Wu Jian.
Wu Jian was pleased with you.
You had temporarily grown beastly horns.
You visited 2 branches of the dungeon, and saw 10 of its levels.
You also visited: Sewer.

You collected 510 gold pieces.
You spent 487 gold pieces at shops.

Inventory:

Armour
 v - the +1 buckler "Miyfoots" {Contam rC+++ rCorr}
   (You found it on level 4 of the Dungeon)

   rC:        It renders you almost immune to cold.
   Contam:    It causes magical contamination when unequipped.
   rCorr:     It protects you from acid and corrosion.
Jewellery
 c - a ring of flight (right paw)
 d - a +6 ring of dexterity (left paw)
 n - an amulet of guardian spirit (around neck)
 q - an amulet of the acrobat
 u - an amulet of guardian spirit
 y - a ring of protection from cold
 A - a ring of protection from cold
Wands
 f - a wand of iceblast (14)
 w - a wand of mindburst (17)
 x - a wand of flame (13)
 z - a wand of polymorph (18)
 E - a wand of acid (15)
Scrolls
 o - a scroll of magic mapping
 s - a scroll of blinking
 t - 2 scrolls of fear
 C - 3 scrolls of identify
 D - a scroll of enchant weapon {unknown}
Potions
 a - 4 potions of lignification
 b - 2 potions of resistance
 e - 5 potions of curing
 g - a potion of heal wounds
 h - 2 potions of attraction
 i - 4 potions of haste
 j - a potion of invisibility
 k - 3 potions of brilliance
 l - a potion of berserk rage {unknown}
 m - a potion of cancellation {unknown}
 p - 2 potions of mutation {unknown}
 r - a potion of magic {unknown}
 B - a potion of degeneration {unknown}


   Skills:
 + Level 8.1 Fighting
 + Level 10.8 Dodging
 - Level 5.0 Stealth
 + Level 8.6 Unarmed Combat
 + Level 2.3 Spellcasting
 - Level 8.0 Transmutations
 + Level 0.5 Poison Magic


You had 6 spell levels left.
You knew the following spells:

 Your Spells              Type           Power      Damage    Failure   Level
a - Beastly Appendage     Tmut           54%        N/A       1%          1
b - Wereblood             Tmut           27%        N/A       1%          2
c - Spider Form           Tmut/Pois      15%        N/A       11%         3

Your spell library contained the following spells:

 Spells                   Type           Power      Damage    Failure   Level
 Apportation              Tloc           2%         N/A       21%         1
 Necrotise                Necr           4%         1d4       21%         1
 Summon Small Mammal      Summ           4%         N/A       21%         1
 Ensorcelled Hibernation  Hex/Ice        2%         N/A       30%         2
 Static Discharge         Conj/Air       1%         3-4/arc   30%         2
 Ice Form                 Ice/Tmut       14%        N/A       36%         4
 Call Canine Familiar     Summ           1%         N/A       52%         3
 Summon Guardian Golem    Hex/Summ       1%         N/A       52%         3
 Anguish                  Hex/Necr       0%         N/A       90%         4
 Dispel Undead            Necr           1%         3d6       90%         4
 Sticky Flame             Conj/Fire      1%         2d3       90%         4


Dungeon Overview and Level Annotations

Branches:
Dungeon (9/15)             Temple (1/1) D:7           Sewer (visited)
   Lair: D:8-11         Orc: D:9-12

Altars:
Ashenzari
Cheibriados
Dithmenos
Elyvilon
Fedhas
Gozag
Hepliaklqana
Kikubaaqudgha
Makhleb
Nemelex Xobeh
Okawaru
Qazlal
Trog
Uskayaw
Wu Jian
Xom
Zin
The Shining One

Shops:
D:3 =   D:5 *   D:8 !

Annotations:
D:3 1 runed translucent door, Crazy Yiuf
D:4 3 runed translucent doors, YamCider's ghost, amateur FeTm


Innate Abilities, Weirdness & Mutations

You have temporarily grown beastly horns.
You have sharp claws.
You have razor-sharp teeth.
You have supernaturally acute eyesight. (SInv)
You cover ground quickly. (Speed+)
You are covered in thick fur. (AC +2)
Your paws help you pounce on unaware monsters.
You are incapable of wielding weapons or throwing items.
You cannot wear armour.
You gain extra lives every three experience levels.


Message History

The gnoll bouda hits you with a +0 club.
A two-headed ogre comes into view. It is wielding two +0 giant clubs.
You scratch the gnoll bouda.
The gnoll bouda is severely wounded.
You howl as the wereblood boils in your veins!
The gnoll closely misses you. The bullfrog barely misses you.
You closely miss the gnoll bouda. You headbutt the gnoll bouda.
You feel a bit better.
You kill the gnoll bouda!
The Council accepts your kill. The bullfrog misses you.
The gnoll hits you from afar with a +0 spear.
The bullfrog barely misses you.
You scratch the bullfrog. You headbutt the bullfrog.
Your bite misses the bullfrog.
The bullfrog is heavily wounded.
A shadow comes into view.
The gnoll hits you from afar with a +0 spear.
The bullfrog completely misses you.
You claw the bullfrog!
You feel a bit better.
You kill the bullfrog!
The Council accepts your kill.
You can now perform airborne attacks.
The gnoll completely misses you.
You claw the gnoll! You headbutt the gnoll.
You feel a bit better.
You kill the gnoll!
The Council accepts your kill. The gnoll closely misses you. x2
You lunge at the gnoll.
You claw the gnoll!
You feel a bit better.
You kill the gnoll!
The Council accepts your kill. The gnoll closely misses you.
You see here a +0 flail.
You claw the gnoll!
You feel a bit better.
You kill the gnoll!
The Council accepts your kill.
You claw the two-headed ogre!
The two-headed ogre is moderately wounded.
You howl as the wereblood boils in your veins!
The two-headed ogre hits you with a +0 giant club!! x2
You die...

###########
#.........#
#.........+
#.........#
#.........##
#?$.....)).##8##
#.......>.@O...#
#.....<...#)....#
######'####.W....8
#.## ##..... #..#
8.... ##.# #...
#.# #.. ######'###
⌠. #........#


You could see a two-headed ogre and a shadow.

Vanquished Creatures
  Maggie (D:6)
  A slime creature (D:7)
  4 yaks (D:6)
  2 wyverns
  A steam dragon (D:8)
  4 water moccasins
  4 sky beasts
  4 orc warriors
  4 black bears
  3 ice beasts
  2 ogres
  2 centaurs
  5 kobold brigands
  4 bullfrogs
  2 scorpions (D:5)
  A gnoll sergeant (D:6)
  7 wights
  4 killer bees (D:8)
  An electric eel (D:8)
  2 howler monkeys (D:7)
  A hound (D:6)
  4 orc priests
  A gnoll bouda (D:9)
  3 jellies
  7 iguanas
  Natasha (thrice) (D:3)
  4 orc wizards
  13 gnolls
  9 adders
  4 river rats
  3 white imps (D:7)
  3 ufetubi
  7 worms
  A dart slug (D:1)
  25 orcs
  10 ball pythons
  8 bats
  8 endoplasms
  3 giant cockroaches
  3 goblins
  3 hobgoblins
  10 jackals
  4 quokkas
  2 frilled lizards (D:1)
  8 kobolds
  14 rats
219 creatures vanquished.

Vanquished Creatures (others)
  3 plants (D:7)
3 creatures vanquished.

Grand Total: 222 creatures vanquished

Notes
Turn   | Place    | Note
-------+----------+-------------------------------------------
     0 | D:1      | YamCider the Felid Transmuter began the quest for the Orb.
     0 | D:1      | Reached XP level 1. HP: 9/9 MP: 4/4
   137 | D:1      | Reached XP level 2. HP: 8/12 MP: 6/6
   257 | D:1      | Reached skill level 3 in Dodging
   326 | D:1      | Learned a level 2 spell: Wereblood
   905 | D:1      | Reached XP level 3. HP: 15/15 MP: 5/7
  1854 | D:3      | Found Eryirph's Jewellery Shop.
  1900 | D:3      | Noticed Natasha
  1911 | D:3      | Killed Natasha
  1912 | D:3      | Reached XP level 4. HP: 19/19 MP: 4/8
  1930 | D:3      | Reached skill level 4 in Dodging
  1975 | D:3      | Noticed Natasha
  1986 | D:3      | Mangled by Natasha
  1987 | D:3      | Reached XP level 3. HP: -7/16 MP: 7/7
  2029 | D:3      | Killed Natasha
  2030 | D:3      | Reached XP level 4. HP: 20/20 MP: 8/8
  2069 | D:3      | Found a bloodstained altar of Trog.
  2200 | D:3      | Found a runed translucent door.
  2201 | D:3      | Noticed Crazy Yiuf
  2347 | D:3      | Noticed Natasha
  2374 | D:3      | Killed Natasha
  2392 | D:3      | Found a faded altar of an unknown god.
  2529 | D:4      | Found a runed translucent gate.
  2529 | D:4      | Found a runed translucent gate.
  2529 | D:4      | Found a runed translucent gate.
  2531 | D:4      | Noticed YamCider's ghost (amateur FeTm)
  3354 | D:4      | Identified the +1 buckler "Miyfoots" {Contam rC+++ rCorr}
  3533 | D:4      | Reached XP level 5. HP: 5/23 MP: 2/9
  3903 | D:5      | Entered Level 5 of the Dungeon
  3978 | D:5      | Noticed a black bear
  3991 | D:5      | Found a glowing drain.
  4126 | Sewer    | Entered a sewer
  4318 | Sewer    | Reached skill level 5 in Dodging
  4318 | Sewer    | Gained mutation: You are covered in thick fur. (AC +2)
                  | [Felid growth]
  4318 | Sewer    | Reached XP level 6. HP: 19/28 MP: 4/10
  5177 | Sewer    | Reached XP level 7. HP: 26/31 MP: 8/11
  5677 | D:5      | Reached skill level 6 in Dodging
  5709 | D:5      | Reached skill level 5 in Unarmed Combat
  5751 | D:5      | Reached skill level 5 in Transmutations
  6405 | D:5      | Reached XP level 8. HP: 35/36 MP: 9/12
  6716 | D:5      | Reached skill level 7 in Dodging
  6828 | D:5      | Found Higanuk's General Store.
  6960 | D:5      | Bought 2 potions of curing for 84 gold pieces
  6960 | D:5      | Bought a scroll of identify for 28 gold pieces
  7059 | D:6      | Reached skill level 5 in Fighting
  7078 | D:6      | Learned a level 3 spell: Spider Form
  7129 | D:6      | Noticed Maggie
  7190 | D:6      | HP: 1/37 [yak (10)]
  7191 | D:6      | Slain by a yak
  7192 | D:6      | Reached XP level 7. HP: -2/33 MP: 0/11
  7227 | D:6      | Killed a yak
  7243 | D:6      | Killed Maggie
  7244 | D:6      | Reached skill level 8 in Dodging
  7244 | D:6      | Reached XP level 8. HP: 31/38 MP: 1/12
  7648 | D:6      | Found a hazy altar of Hepliaklqana.
  7694 | D:6      | Identified the +11 war axe "Xomim" {freeze, rPois}
  8232 | D:7      | Found a staircase to the Ecumenical Temple.
  8238 | D:7      | Reached XP level 9. HP: 42/42 MP: 13/13
  8238 | D:7      | Found a shimmering altar of Xom.
  8250 | D:7      | Reached skill level 9 in Dodging
  8301 | Temple   | Entered the Ecumenical Temple
  8564 | Temple   | Became a worshipper of the Wu Jian Council
  8703 | D:7      | Reached * piety under Wu Jian
  8929 | D:7      | Reached skill level 1 in Stealth
  8996 | D:7      | Noticed a manticore
  9273 | D:7      | Found an ancient bone altar of Kikubaaqudgha.
  9560 | D:7      | Reached skill level 10 in Dodging
  9800 | D:7      | Found a sparkling altar of Nemelex Xobeh.
 10317 | D:7      | Noticed a manticore
 10342 | D:7      | Reached XP level 10. HP: 43/47 MP: 12/14
 10903 | D:8      | Found Kahoefokk's Distillery.
 10936 | D:8      | Bought a potion of curing for 45 gold pieces
 10936 | D:8      | Bought a potion of curing for 45 gold pieces
 10936 | D:8      | Bought a potion of haste for 150 gold pieces
 10936 | D:8      | Bought a potion of curing for 45 gold pieces
 10936 | D:8      | Bought a potion of curing for 45 gold pieces
 10936 | D:8      | Bought a potion of curing for 45 gold pieces
 11254 | D:8      | Killed from afar by a steam dragon
 11255 | D:8      | Reached XP level 9. HP: -5/43 MP: 0/13
 12306 | D:8      | Reached skill level 5 in Stealth
 12680 | D:9      | Noticed a two-headed ogre
 12684 | D:9      | Reached ** piety under Wu Jian
 12688 | D:9      | Slain by a two-headed ogre

Illustrated notes

Levels and vault maps discovered:
D:1:      ebering_trefoil_3fold, layout_basic
D:2:      layout_loops_ring
D:3:      layout_rooms, mainiacjoe_overflow_alcove_2, serial_shops, shop_coins,
          ebering_ecumenical_altar_sacrificial, uniq_natasha,
          uniq_crazy_yiuf_cottage
D:4:      layout_loops_ring, gammafunk_ghost_split, grunt_decor_resistance,
          chequers_serial_rivers_room_b
D:5:      layout_loops_corners, serial_shops, shop, portal_sewer_entry_c
D:6:      layout_rooms, kennysheep_mini_moat, uniq_maggie
D:7:      nzn_winding_woodlands_cross [nzn_winding_woodlands_5x15_concentric,
          nzn_winding_woodlands_5x15_pathside_ponds,
          nzn_winding_woodlands_5x15_split_checker,
          nzn_winding_woodlands_5x15_sawtooth,
          nzn_winding_woodlands_15x15_thick_spiral], layout_cave_pools,
          mainiacjoe_overflow_boulevard, nemelex_dance_club_becter,
          amcnicky_altar_gilded, abandoned_shop, feat_on_display
D:8:      layout_loops_cross, serial_shops, shop, kennysheep_flooded_box
D:9:      layout_roguey, grunt_temple_overflow_open, serial_corexii_hall,
          chequers_hall_statues_wall_a, chequers_hall_statues_y
Temple:   nicolae_temple_figure_eight

Skill      XL: |  1  2  3  4  5  6  7  8  9 10 |
---------------+-------------------------------+-----
Dodging        | 3 4 5 8 7 10 | 10.8
Transmutations | 3 4 5 7 8 |  8.0
Fighting       | 2 3 4 6 8 |  8.1
Unarmed Combat | 4 6 7 8 |  8.6
Stealth        | 5 4 |  5.0
Spellcasting   | |  2.3
Poison Magic   | |  0.5

Action                   |  1- 3 |  4- 6 |  7- 9 | 10-12 || total
-------------------------+-------+-------+-------+-------++-------
Melee: Unarmed           |   104 |   184 |   413 |    83 ||   784
       Headbutt          |    17 |    29 |    77 |    15 ||   138
       Punch             |     5 |     6 |    22 |     3 ||    36
       Bite              |     4 |    29 |    50 |    13 ||    96
 Cast: Beastly Appendage |    18 |    26 |    35 |     6 ||    85
       Wereblood         |     8 |    19 |    16 |     5 ||    48
       Spider Form       |       |       |     8 |     2 ||    10
Invok: Lunge             |       |       |    10 |     5 ||    15
       Whirlwind         |       |       |     2 |     2 ||     4
Evoke: Wand              |       |       |     1 |       ||     1
  Use: Scroll            |    10 |     3 |     6 |       ||    19
       Potion            |       |     1 |     9 |     2 ||    12
 Stab: Sleeping          |       |     2 |     2 |     1 ||     5
Armor: Skin              |    10 |     6 |    16 |     4 ||    36
Dodge: Dodged            |   101 |   142 |   397 |    89 ||   729
